 Dungeon Crawl Stone Soup version 0.20-a0-1061-gbbf974c (webtiles) character file.

394 EvilAshe the Digger (level 7, -3/46 HPs)
             Began as a Formicid Earth Elementalist on Apr 27, 2017.
             Slain by a gnoll sergeant
             ... wielding a +0 trident
              (10 damage)
             ... on level 3 of the Dungeon.
             The game lasted 00:16:03 (5163 turns).

EvilAshe the Digger (Formicid Earth Elementalist)   Turns: 5163, Time: 00:16:04

Health: -3/46      AC:  2    Str: 12    XL:     7   Next: 9%
Magic:  3/13       EV: 13    Int: 17    God:
Gold:   116        SH:  0    Dex: 11    Spells: 10/14 levels left

rFire    . . .     SeeInvis +   g - +0 mace
rCold    . . .     Gourm    .   (no shield)
rNeg     . . .     Faith    .   c - +0 robe
rPois    .         Spirit   .   (helmet unavailable)
rElec    .         Reflect  .   (no cloak)
rCorr    .         Harm     .   (no gloves)
MR       .....                  (no boots)
Stlth    ++........             (no amulet)
Regen    0.2/turn               (no ring)
MPRegen  0.2/turn               (no ring)

@: very slightly contaminated
A: permanent stasis, dig shafts and tunnels, four strong arms, antennae 3
a: Dig, Shaft Self


You were on level 3 of the Dungeon.
You were not hungry.

You visited 1 branch of the dungeon, and saw 3 of its levels.

You collected 116 gold pieces.

Inventory:

Hand Weapons
 a - a +0 dagger
 g - a +0 mace (weapon)
Missiles
 b - 91 stones (quivered)
Armour
 c - a +0 robe (worn)
Scrolls
 h - 2 scrolls of remove curse
 i - a scroll of magic mapping {unknown}
 j - a scroll of teleportation {unknown}
 m - a scroll of identify
 p - a scroll of recharging {unknown}
 r - 2 scrolls of noise {unknown}
 t - 3 scrolls of enchant armour {unknown}
Potions
 f - 2 potions of brilliance {unknown}
 k - a potion of heal wounds
 l - a potion of lignification {unknown}
 o - 2 potions of degeneration {unknown}
 s - 2 potions of curing {unknown}
Books
 e - a book of Geomancy

   Spells                             Type                      Level
   a - Sandblast                      Earth                        1
   b - Passwall                       Transmutation/Earth          2
   c - Stone Arrow                    Conjuration/Earth            3
   d - Petrify                        Transmutation/Earth          4
   e - Lee's Rapid Deconstruction     Earth                        5
Comestibles
 d - 4 bread rations
 n - 3 royal jellies
 q - a meat ration


   Skills:
 + Level 3.2 Dodging
 - Level 2.4 Stealth
 + Level 4.1 Spellcasting
   Level 1.1 Transmutations
 * Level 6.8 Earth Magic


You had 10 spell levels left.
You knew the following spells:

 Your Spells              Type           Power        Failure   Level  Hunger
a - Sandblast             Erth           ####..       1%          1    None
s - Stone Arrow           Conj/Erth      ###...       12%         3    ###....


Dungeon Overview and Level Annotations

Branches:
Dungeon (3/15)

Altars:
Dithmenos
Sif Muna
Trog

Annotations:
D:3 exclusion: 4 doors


Innate Abilities, Weirdness & Mutations

You cannot be hasted, slowed, berserked, paralysed or teleported.
You can dig through walls and to a lower floor.
Your four strong arms can wield two-handed weapons with a shield.
You have a pair of large antennae on your head. (SInv)


Message History

Casting: Sandblast
Confirm with . or Enter, or press ? or * to list all spells.
Aiming: Sandblast
Press: ? - help, Shift-Dir - straight line, f/p - gnoll sergeant
Aim: a gnoll sergeant, wielding a trident and wearing a ring mail (lightly wounded)
The blast of sand hits the gnoll sergeant.
The gnoll sergeant is lightly wounded.
b - 91 stones The gnoll shaman calls upon its god to speed up the gnoll sergeant.
The gnoll sergeant seems to speed up.
The gnoll sergeant hits you from afar with a trident!
The gnoll sergeant hits you from afar with a trident!
The gnoll sergeant hits you from afar with a trident!
* * * LOW HITPOINT WARNING * * *
The gnoll shaman calls upon its god to heal the gnoll sergeant.
The gnoll sergeant's wounds heal themselves!
The gnoll sergeant hits you from afar with a trident.
* * * LOW HITPOINT WARNING * * *
The gnoll sergeant hits you from afar with a trident!
You die...

..)...........................# #
..)########.##.#####.#####....# #
..)<)...).)..#).####.#####....###
..)###...#......)................
#### #.####g#....###.#####....###
#.# #...................... ##
#.######..#..##.#.....###### .#
#........g##..#.#.....#...# .#
#######....@..#.#.....#.#.# .#
#.#.##..#.#.....#.#.## .#
#.#.##..#.#.....#.#... .#
#.#.###.............## .#
#.#.###...#.....#.#รท# .#####
####...............#.#.# ...).#
#...##.####..####..#.#.# ####.#
#...##.#....># #..#.#.##
#.####...##.#.##### #..#.#...


You could see a gnoll sergeant and a gnoll shaman.

Vanquished Creatures
  An orc wizard (D:2)
  A gnoll shaman (D:3)
  5 adders
  16 gnolls
  An ooze (D:1)
  2 worms (D:3)
  4 dart slugs
  A leopard gecko (D:2)
  An orc (D:2)
  9 bats
  4 giant cockroaches
  11 goblins
  10 hobgoblins
  18 jackals (D:3)
  16 kobolds
  2 quokkas
  2 ball pythons
  8 frilled lizards
  8 rats
120 creatures vanquished.

Notes
Turn   | Place    | Note
-------+----------+-------------------------------------------
     0 | D:1      | EvilAshe the Formicid Earth Elementalist began the quest for the Orb.
     0 | D:1      | Reached XP level 1. HP: 13/13 MP: 3/3
   321 | D:1      | Reached skill level 4 in Earth Magic
   321 | D:1      | Reached XP level 2. HP: 19/19 MP: 1/5
   609 | D:1      | Reached XP level 3. HP: 19/24 MP: 6/6
   673 | D:1      | Learned a level 3 spell: Stone Arrow
  1484 | D:2      | Reached XP level 4. HP: 30/30 MP: 6/8
  1491 | D:2      | Found a shadowy altar of Dithmenos.
  2092 | D:2      | Reached skill level 5 in Earth Magic
  2805 | D:1      | Reached XP level 5. HP: 35/35 MP: 5/9
  2905 | D:2      | Found a deep blue altar of Sif Muna.
  2905 | D:2      | Found a bloodstained altar of Trog.
  4077 | D:3      | Reached XP level 6. HP: 34/41 MP: 11/11
  4093 | D:3      | Reached skill level 6 in Earth Magic
  5077 | D:3      | Reached XP level 7. HP: 46/46 MP: 7/13
  5163 | D:3      | Slain by a gnoll sergeant

Vault maps used:
D:1:      shiori_arrival_maze
D:2:      lemuel_doored_altar, minitemple, first_bread, minmay_cupped
D:3:      lemuel_castle_with_subvaults, corexii_leaking_fountain

Skill      XL: |  1  2  3  4  5  6 |
---------------+-------------------+-----
Dodging        | 2 3 |  3.2
Earth Magic    | 4 5 6 |  6.8
Spellcasting   | 3 4 |  4.1
Stealth        | |  2.4
Transmutations | |  1.1

Action                   |  1- 3 |  4- 6 |  7- 9 || total
-------------------------+-------+-------+-------++-------
Melee: Unarmed           |    13 |       |       ||    13
       Dagger            |    79 |       |       ||    79
       Mace              |    16 |   197 |     3 ||   216
 Cast: Sandblast         |    17 |    83 |    14 ||   114
  Use: Scroll            |       |     3 |       ||     3
 Stab: Sleeping          |     2 |     1 |       ||     3
       Distracted        |       |     1 |       ||     1
  Eat: Chunk             |     2 |    10 |       ||    12
       Royal jelly       |       |     1 |       ||     1
Armor: Robe              |    28 |    49 |     2 ||    79
Dodge: Dodged            |    69 |   211 |     6 ||   286
